 Dungeon Sprint DCSS version 0.28-a0-8-g6e044cfa68 (webtiles) character file.

Game seed: 5053272094257547206

136 mhtbhm the Covered (level 5, -1/36 HPs)
             Began as a Gargoyle Fighter on July 24, 2021.
             Was a Priest of Qazlal.
             Slain by an ice beast (13 damage)
             ... in the Dungeon (Sprint VII: "The Pits").
             The game lasted 00:00:58 (337 turns).

mhtbhm the Covered (Gargoyle Fighter)                Turns: 337, Time: 00:00:58

Health: -1/36      AC: 13    Str: 21    XL:     5   Next: 19%
Magic:  5/5        EV:  9    Int:  8    God:    Qazlal [***...]
Gold:   0          SH: 13    Dex:  9    Spells: 4/4 levels left

rFire   . . .      SeeInvis .   a - +2 hand axe
rCold   . . .      Faith    .   c - +0 kite shield
rNeg    + . .      Spirit   .   b - +3 ring mail
rPois   ∞          Reflect  .   (no helmet)
rElec   +          Harm     .   (no cloak)
rCorr   .          Rampage  .   (no gloves)
Will    .....      NoTele   +   (no boots)
Stlth   ..........              (no amulet)
HPRegen 0.12/turn               (no ring)
MPRegen 0.09/turn               (no ring)

@: no status effects
A: sickness immunity, AC +4, negative energy resistance 1, electricity
resistance, torment resistance 1, petrification resistance
a: Renounce Religion, Upheaval, Elemental Force


You were in the Dungeon.
You worshipped Qazlal.
Qazlal was most pleased with you.
You visited 1 branch

Inventory:

Hand Weapons
 a - a +2 hand axe (weapon)
Armour
 b - a +3 ring mail (worn)
 c - a +0 kite shield (worn)
Scrolls
 j - a scroll of blinking
 l - 5 scrolls of amnesia
 m - a scroll of summoning
Potions
 d - a potion of might
 e - 6 potions of curing
 f - 5 potions of heal wounds
 g - a potion of haste
 h - 4 potions of magic
 i - 2 potions of berserk rage
 k - 2 potions of invisibility


   Skills:
 + Level 6.2 Fighting
 + Level 4.8 Axes
 + Level 6.5 Armour
 + Level 0.5 Dodging
 + Level 6.0 Shields


You had 4 spell levels left.
You didn't know any spells.
Your spell library was empty.

Dungeon Overview and Level Annotations

Branches:
Dungeon (1/1)

Altars:
Ashenzari
Cheibriados
Dithmenos
Elyvilon
Fedhas
Gozag
Hepliaklqana
Kikubaaqudgha
Makhleb
Nemelex Xobeh
Okawaru
Qazlal
Ru
Sif Muna
Trog
Uskayaw
Vehumet
Wu Jian
Xom
Yredelemnul
Zin
The Shining One
Beogh
Jiyva
Lugonu


Innate Abilities, Weirdness & Mutations

You are immune to sickness and miasma.
Your stone body is resilient. (AC +4)
You are immune to poison.
You resist negative energy. (rN+)
You are resistant to electric shocks. (rElec)
You are resistant to unholy torment.
You are immune to petrification.


Message History

You slash the water moccasin!
The water moccasin is heavily wounded.
You barely miss the quasit. You block the water moccasin's attack.
The quasit bites you but does no damage.
The quasit claws you. x2; You block the water moccasin's attack.
Unknown command.
Unknown command.
You miss the water moccasin.
The water moccasin is heavily wounded.
You hit the quasit.
You kill the quasit!
Qazlal accepts your kill. The water moccasin barely misses you.
The water moccasin bites you but does no damage.
Your Fighting skill increases to level 6!
Your Shields skill increases to level 6!
You have reached level 5!
You barely miss the water moccasin.
The water moccasin is heavily wounded.
You hit the goblin.
You kill the goblin!
Qazlal accepts your kill.
You can now give life to nearby clouds.
You block the water moccasin's attack. The ice beast barely misses you.
You hit the water moccasin.
The water moccasin is severely wounded.
You hit the ice beast. You block the water moccasin's attack.
The water moccasin barely misses you. You block the ice beast's attack.
Unknown command.
You closely miss the water moccasin.
The water moccasin is severely wounded.
Your shield prevents you from hitting the ice beast.
The water moccasin bites you. The ice beast misses you.
You block the water moccasin's attack.
Unknown command.
Unknown command.
You hit the ice beast.
The ice beast is moderately wounded.
You hit the water moccasin. You block the water moccasin's attack.
The ice beast hits you. The ice beast freezes you!
You die...

#.#..#...'.##.....
#.#..#...#.#####'#
#.#..#####.##.....
#.#..'...#.##.....
#.#..'.).'.##.....
#.#..########...<.
#.#..'.)))[##.....
#.#..#.))[.##.....
#@###########.....
#SY.....# ######
#Z.###..# #...
##.## .. .# ..


You could see a water moccasin, an ice beast and a ball python skeleton.

Vanquished Creatures
  A phantom (D)
  A quasit (D)
  An adder (D)
  A river rat (D)
  An orc (D)
  A bat (D)
  2 endoplasms (D)
  A goblin (D)
  2 rats (D)
11 creatures vanquished.

Notes
Turn   | Place    | Note
-------+----------+-------------------------------------------
     0 | D        | mhtbhm the Gargoyle Fighter began the quest for the Orb.
     0 | D        | Reached XP level 1. HP: 14/14 MP: 1/1
   115 | D        | Found a bloodstained altar of Trog.
   115 | D        | Found a shimmering blue altar of Sif Muna.
   115 | D        | Found a viscous altar of Jiyva.
   115 | D        | Found a hazy altar of Hepliaklqana.
   115 | D        | Found an opulent altar of Gozag.
   116 | D        | Found a glowing golden altar of the Shining One.
   116 | D        | Found a glowing silver altar of Zin.
   116 | D        | Found a basalt altar of Yredelemnul.
   116 | D        | Found a shimmering altar of Xom.
   116 | D        | Found an ornate altar of the Wu Jian Council.
   116 | D        | Found a sacrificial altar of Ru.
   116 | D        | Found a stormy altar of Qazlal.
   116 | D        | Found an iron altar of Okawaru.
   116 | D        | Found a sparkling altar of Nemelex Xobeh.
   116 | D        | Found a burning altar of Makhleb.
   116 | D        | Found a blossoming altar of Fedhas.
   116 | D        | Found a white marble altar of Elyvilon.
   116 | D        | Found a shadowy altar of Dithmenos.
   116 | D        | Found a snail-covered altar of Cheibriados.
   118 | D        | Found a radiant altar of Vehumet.
   118 | D        | Found a corrupted altar of Lugonu.
   119 | D        | Found a hide-covered altar of Uskayaw.
   119 | D        | Found an ancient bone altar of Kikubaaqudgha.
   119 | D        | Found a broken altar of Ashenzari.
   123 | D        | Became a worshipper of Qazlal Stormbringer
   166 | D        | Reached XP level 2. HP: 20/20 MP: 2/2
   178 | D        | Reached * piety under Qazlal
   254 | D        | Reached XP level 3. HP: 24/24 MP: 3/3
   254 | D        | Reached ** piety under Qazlal
   257 | D        | Noticed a phantom
   265 | D        | Killed a phantom
   266 | D        | Reached skill level 5 in Fighting
   266 | D        | Reached skill level 5 in Shields
   266 | D        | Reached XP level 4. HP: 32/32 MP: 4/4
   323 | D        | Noticed a water moccasin
   323 | D        | Noticed an ice beast
   334 | D        | Reached XP level 5. HP: 18/36 MP: 5/5
   334 | D        | Reached *** piety under Qazlal
   337 | D        | Slain by an ice beast

Illustrated notes

Levels and vault maps discovered:
D:        pitsprint [storerooms_1, entrance_room_1, metal_vault_7, armoury_1,
          mini_pit_1, grid_room_1, main_hall_1, silver_pit, the_coven_2,
          the_vestibule_1, steel_vault_1, golden_pit, hallway_of_sentries,
          crystal_vault_1, iron_vault_4, final_vault]

Skill      XL: |  1  2  3  4 |
---------------+-------------+-----
Fighting       | 4 5 6 |  6.2
Axes           | 2 4 |  4.8
Armour         | 4 6 |  6.5
Shields        | 4 5 6 |  6.0
Dodging        | |  0.5

Action                   |  1- 3 |  4- 6 || total
-------------------------+-------+-------++-------
Melee: Hand axe          |    22 |    13 ||    35
       War axe           |     2 |       ||     2
  Use: Potion            |     2 |       ||     2
Armor: Scale mail        |     4 |       ||     4
       Ring mail         |       |    18 ||    18
Dodge: Dodged            |     8 |    13 ||    21
Block: Kite shield       |    14 |    23 ||    37

Table legend: (Time is in decaauts)
 A = Elapsed time spent in this place.
 B = Non-inter-level travel time spent in this place.
 C = Inter-level travel time spent in this place.
 D = Time resting spent in this place.
 E = Time spent auto-exploring this place.
 F = Levels seen in this place.
 G = Mean time per level.
                   A        B        C        D        E       F      G
               +--------+--------+--------+--------+--------+-----+--------+
         Total |    357 |    357 |      0 |    153 |     31 |   1 |  357.0 |
       Dungeon |    357 |    357 |      0 |    153 |     31 |   1 |  357.0 |
               +--------+--------+--------+--------+--------+-----+--------+

Top non-repeatable levels by time:
       D: 357 daAuts
